 Dungeon Crawl Stone Soup version 0.23.2-1-ga50397a (webtiles) character file.

Game seed: 18109438717640767433

322 diana the Twirler (level 6, -4/47 HPs)
             Began as a Demonspawn Gladiator on May 21, 2019.
             Killed by divine providence
             ... invoked by an orc priest
              (13 damage)
             ... on level 4 of the Dungeon.
             The game lasted 00:03:13 (3000 turns).

diana the Twirler (Demonspawn Gladiator)            Turns: 3000, Time: 00:03:14

Health: -4/47      AC: 12    Str: 17    XL:     6   Next: 22%
Magic:  6/6        EV: 11    Int:  9    God:
Gold:   236        SH:  0    Dex: 14    Spells: 5/5 levels left

rFire    . . .     SeeInvis .   a - +0 quarterstaff
rCold    . . .     Gourm    .   (shield currently unavailable)
rNeg     . . .     Faith    .   h - +0 scale mail (curse)
rPois    .         Spirit   .   c - +0 helmet
rElec    .         Reflect  .   (no cloak)
rCorr    .         Harm     .   n - +0 pair of gloves
MR       .....                  r - +1 pair of boots
Stlth    ..........             (no amulet)
HPRegen  0.15/turn              (no ring)
MPRegen  0.10/turn              (no ring)

@: no status effects
A: talons 2, slimy green scales 1, rot immunity
a: no special abilities


You were on level 4 of the Dungeon.
You were near starving.

You visited 1 branch of the dungeon, and saw 4 of its levels.

You collected 236 gold pieces.

Inventory:

Hand Weapons
 a - a +0 quarterstaff (weapon)
Missiles
 d - 3 throwing nets (quivered)
Armour
 b - a +0 leather armour
 c - a +0 helmet (worn)
 h - a cursed +0 scale mail (worn)
 n - a +0 pair of gloves (worn)
 r - a +1 pair of boots (worn)
Jewellery
 t - an uncursed amulet of the gourmand {unknown}
 v - an uncursed amulet of faith {unknown}
Scrolls
 e - a scroll of fog {unknown}
 j - 2 scrolls of magic mapping {unknown}
 l - 4 scrolls of identify {unknown}
 m - 3 scrolls of fear {unknown}
 u - a scroll of teleportation {unknown}
 w - a scroll of random uselessness {unknown}
Potions
 g - 2 potions of lignification {unknown}
 i - 2 potions of degeneration {unknown}
 k - 2 potions of curing
 o - 5 potions of agility {unknown}
 p - a potion of mutation {unknown}
 q - 3 potions of ambrosia {unknown}
 s - a potion of brilliance {unknown}
 x - 2 potions of might {unknown}
Comestibles
 f - 6 rations


   Skills:
 + Level 3.4 Fighting
 * Level 4.5 Staves
 - Level 1.7 Throwing
 + Level 2.3 Armour
 + Level 3.6 Dodging


You had 5 spell levels left.
You didn't know any spells.
Your spell library was empty.

Dungeon Overview and Level Annotations

Branches:
Dungeon (4/15)
 Temple: D:4-7

Altars:
Dithmenos


Innate Abilities, Weirdness & Mutations

You have razor-sharp toenails.
You are partially covered in slimy green scales. (AC +2)
You are immune to rotting.


Message History

The orc priest begins to cast a cantrip, but forgets the words!
You hit the orc.
The orc is severely wounded.
The orc barely misses you.
You hit the orc.
The orc is almost dead.
The orc hits you but does no damage.
You barely miss the orc.
The orc is almost dead.
The orc hits you but does no damage.
You hit the orc.
You kill the orc!
You sock the orc priest!
The orc priest is heavily wounded.
The orc priest casts a cantrip, but nothing happens.
You hit the orc priest but do no damage.
The orc priest is heavily wounded.
The orc priest mumbles some strange prayers to Beogh against you.
Beogh smites you!
You die...

#######.##########....
#.............# ##...
.#####.#####.# ##... #.#
#.# #.... ###.# #.#
##... #...#####.######..
###.###...........>.....
..........#............#
.....##@###.###.########
###. #o# # # #.# # #o#
#.# #.# #.# #.# #.# ...
.. #.# #.#


You could see an orc priest and an orc.

Vanquished Creatures
  A scorpion (D:3)
  A hound (D:4)
  An orc priest (D:4)
  An orc wizard (D:4)
  2 iguanas (D:4)
  A hound skeleton (D:4)
  A gnoll (D:1)
  2 adders
  An adder skeleton (D:4)
  2 worms
  4 dart slugs
  3 orcs
  11 bats
  2 giant cockroaches (D:2)
  10 goblins
  8 hobgoblins
  5 jackals
  A quokka (D:3)
  3 frilled lizards
  12 kobolds
  A quokka skeleton (D:4)
  6 rats
79 creatures vanquished.

Notes
Turn   | Place    | Note
-------+----------+-------------------------------------------
     0 | D:1      | diana the Demonspawn Gladiator began the quest for the Orb.
     0 | D:1      | Reached XP level 1. HP: 16/16 MP: 1/1
   221 | D:1      | Gained mutation: You have sharp toenails. [demonic
                  | ancestry]
   221 | D:1      | Reached XP level 2. HP: 22/22 MP: 2/2
   353 | D:1      | Reached skill level 3 in Staves
   828 | D:1      | Reached skill level 1 in Armour
   871 | D:1      | Gained mutation: You are immune to rotting. [demonic
                  | ancestry]
   871 | D:1      | Reached XP level 3. HP: 8/28 MP: 3/3
  1815 | D:3      | Noticed a scorpion
  1817 | D:3      | Found a shadowy altar of Dithmenos.
  1818 | D:3      | Gained mutation: You have razor-sharp toenails. [demonic
                  | ancestry]
  1818 | D:3      | Reached XP level 4. HP: 33/34 MP: 4/4
  1875 | D:3      | Reached XP level 5. HP: 34/40 MP: 5/5
  2420 | D:4      | Reached skill level 4 in Staves
  2907 | D:4      | Gained mutation: You are partially covered in slimy green
                  | scales. (AC +2) [demonic ancestry]
  2907 | D:4      | Reached XP level 6. HP: 36/47 MP: 6/6
  2991 | D:4      | HP: 1/47 [orc priest/divine providence (9)]
  3000 | D:4      | Killed from afar by an orc priest

Skill      XL: |  1  2  3  4  5 |
---------------+----------------+-----
Staves         | 3 4 |  4.5
Armour         | 1 2 |  2.3
Dodging        | 3 |  3.6
Fighting       | 3 |  3.4
Throwing       | |  1.7

Action                   |  1- 3 |  4- 6 || total
-------------------------+-------+-------++-------
Melee: Quarterstaff      |   104 |   153 ||   257
       Kick              |    12 |    11 ||    23
  Use: Potion            |       |     2 ||     2
  Eat: Chunk             |     2 |     3 ||     5
Armor: Leather armour    |    18 |       ||    18
       Scale mail        |    37 |    77 ||   114
Dodge: Dodged            |    92 |    70 ||   162
